 Dungeon Crawl Stone Soup version 0.17.1-2-g5865329 (webtiles) character file.

2072 Krapule the Skirmisher (level 9, 53/57 HPs)
             Began as a Gargoyle Fighter on Jan 18, 2016.
             Was a Believer of Okawaru.
             Starved to death
             ... on level 6 of the Dungeon on Feb 1, 2016.
             The game lasted 00:28:12 (6474 turns).

Krapule the Skirmisher (Gargoyle Fighter)           Turns: 6474, Time: 00:28:13

Health: 53/57      AC: 18    Str: 24    XL:     9   Next: 26%
Magic:  12/12      EV:  8    Int: 10    God:    Okawaru [**....]
Gold:   350        SH: 10    Dex:  4    Spells: 0 memorised, 8 levels left

rFire  . . .     SeeInvis .     w - +4 trident of the Desert {flame, rElec Str+2 Dex-5}
rCold  . . .     Clarity  .     o - +4 scale mail {MR+}
rNeg   + . .     SustAt   .     c - +0 shield
rPois  ∞         Gourm    .     (no helmet)
rElec  +         Spirit   .     g - +0 cloak
rCorr  .         Warding  .     (no gloves)
rMut   .         Stasis   .     (no boots)
MR     +....                    (no amulet)
Stlth  +.........               (no ring)
                                i - ring of flight

@: fainting, somewhat resistant to hostile enchantments, very unstealthy
A: negative energy resistance 1, electricity resistance, unbreathing,
petrification resistance, rot immunity, AC +5
a: Heroism, Renounce Religion, Evoke Flight


You were on level 6 of the Dungeon.
You worshipped Okawaru.
Okawaru was pleased with you.
You were fainting.

You visited 2 branches of the dungeon, and saw 8 of its levels.

You collected 350 gold pieces.

Inventory:

Hand Weapons
 a - a +0 flail
 u - a +2 mace
 w - the +4 trident of the Desert (weapon) {flame, rElec Str+2 Dex-5}
   (You found it on level 7 of the Dungeon)

   It has been specially enchanted to burn those struck by it, causing extra
   injury to most foes and up to half again as much damage against particularly
   susceptible opponents.
   It affects your strength (+2).
   It affects your dexterity (-5).
   It insulates you from electricity.
Armour
 c - a +0 shield (worn)
 g - a +0 cloak (worn)
 l - the +1 ring mail "Puiwarph" {Dex+4}
   (You found it on level 4 of the Dungeon)

   It affects your dexterity (+4).
 o - a +4 scale mail of magic resistance (worn)
Jewellery
 i - a ring of flight (left hand)
Wands
 v - a wand of fireball (11)
Scrolls
 p - a scroll of remove curse
 q - a scroll of enchant weapon {unknown}
 t - a scroll of identify
 x - a scroll of fog
Potions
 b - 2 potions of curing
 d - 2 potions of might
 f - 4 potions of agility {unknown}
 h - a potion of resistance {unknown}
 j - a potion of magic {unknown}
 m - a potion of degeneration {unknown}
 n - 2 potions of heal wounds {unknown}
 r - a potion of beneficial mutation {unknown}
 s - a potion of haste {unknown}
 z - a potion of flight {unknown}
Comestibles
 e - 10 bread rations
 k - a meat ration
 A - a beef jerky
 B - 3 chunks of flesh


   Skills:
 + Level 7.3 Fighting
 - Level 2.0 Maces & Flails
 + Level 7.2 Armour
 - Level 5.0 Stealth
 + Level 7.1 Shields
 + Level 4.3 Invocations


You had 8 spell levels left.
You didn't know any spells.

Dungeon Overview and Level Annotations

Branches:
Dungeon (7/15)             Temple (1/1) D:6

Altars:
Ashenzari
Cheibriados
Dithmenos
Elyvilon
Fedhas
Gozag
Kikubaaqudgha
Makhleb
Nemelex Xobeh
Okawaru
Qazlal
Ru
Sif Muna
Trog
Vehumet
Xom
Yredelemnul
Zin
The Shining One

Annotations:
D:3 Sigmund
D:7 Joseph


Innate Abilities, Weirdness & Mutations

You are resistant to torment.
Your stone body is resilient (AC +5).
You are immune to poison.
You resist negative energy.
You are resistant to electric shocks.
You can survive without breathing.
You are immune to petrification.
You are immune to rotting.


Message History

You barely miss the hungry ghost.
The hungry ghost is moderately damaged.
The hungry ghost completely misses you.
Your shield prevents you from hitting the hungry ghost.
The hungry ghost is moderately damaged.
You block the hungry ghost's attack.
Your shield prevents you from hitting the hungry ghost.
The hungry ghost is moderately damaged.
The hungry ghost hits you.
You feel slightly more hungry. You block the hungry ghost's attack.
You closely miss the hungry ghost.
The hungry ghost is lightly damaged.
You block the hungry ghost's attack.
You puncture the hungry ghost! You burn the hungry ghost.
The hungry ghost is heavily damaged.
The hungry ghost hits you. x2
You hit the hungry ghost. You burn the hungry ghost.
The hungry ghost is heavily damaged.
You have starved to death.
You die...

#####################
....................#
######............#.#
#.#...######.#.#
#.#.#.######.#.#
#.#.#.#......#.#
#.#.#.#.######.#
#.#.#.#.#OW@.#.############
#.#.#.#.#.##..............#
######.#.#.#O#....#.#########.##
..÷.........>O....#.# #.#
....................# #.#
.......#............# #.#
.......#............# #.#
.......#............# #.#
.#.#...#............#########.##


You could see a hungry ghost and an ogre.

Vanquished Creatures
  A two-headed ogre (D:6)
  A hungry ghost (D:7)
  Duvessa (D:7)
  A black bear (D:6)
  An ice beast (D:5)
  A phantom (D:6)
  A centaur (D:5)
  2 sky beasts
  2 giant frogs
  Dowan (D:7)
  5 wights (D:6)
  2 crimson imps
  3 hounds
  An orc wizard (D:5)
  A quasit (D:7)
  2 giant frog skeletons
  2 orc priests
  A jelly (D:4)
  An iguana (D:6)
  Terence (D:2)
  2 worker ants
  2 hound zombies (D:5)
  A hound skeleton (D:4)
  7 adders
  3 shadow imps
  An adder skeleton (D:7)
  3 oozes
  3 worms (D:2)
  9 giant geckos
  11 orcs
  6 bats
  6 goblins
  11 hobgoblins
  9 jackals
  4 quokkas
  5 giant cockroaches
  3 giant newts
  5 kobolds
  A quokka zombie (D:6)
  10 rats
133 creatures vanquished.

Notes
Turn   | Place    | Note
--------------------------------------------------------------
     0 | D:1      | Krapule the Gargoyle Fighter began the quest for the Orb.
     0 | D:1      | Reached XP level 1. HP: 14/14 MP: 1/1
   113 | D:1      | Reached XP level 2. HP: 14/19 MP: 2/2
   176 | D:1      | Reached skill level 1 in Stealth
   816 | D:2      | Noticed Terence
   917 | D:2      | Reached XP level 3. HP: 24/24 MP: 3/3
  1043 | D:2      | Killed Terence
  1043 | D:2      | Reached skill level 4 in Fighting
  1186 | D:2      | Reached XP level 4. HP: 29/29 MP: 4/4
  1785 | D:3      | Noticed Sigmund
  1803 | D:2      | Reached XP level 5. HP: 31/33 MP: 5/5
  2446 | D:4      | Reached XP level 6. HP: 39/39 MP: 6/6
  2686 | D:4      | Got a spiked ring mail
  2812 | D:4      | Found a burning altar of Makhleb.
  3224 | D:5      | Entered Level 5 of the Dungeon
  3277 | D:5      | Reached skill level 5 in Fighting
  3285 | D:5      | Reached skill level 5 in Armour
  3285 | D:5      | Reached skill level 5 in Shields
  3285 | D:5      | Reached XP level 7. HP: 30/44 MP: 7/7
  4161 | D:6      | Found a staircase to the Ecumenical Temple.
  4336 | D:6      | Reached skill level 5 in Stealth
  4349 | Temple   | Entered the Ecumenical Temple
  4455 | Temple   | Became a worshipper of Warmaster Okawaru
  4498 | D:6      | Reached XP level 8. HP: 38/51 MP: 8/8
  4586 | D:6      | Reached skill level 6 in Fighting
  4598 | D:6      | Reached skill level 1 in Invocations
  5341 | D:7      | Got a scorched trident
  5352 | D:7      | Identified the +1 ring mail "Puiwarph" {Dex+4} (You found it on level 4 of the Dungeon)
  5352 | D:7      | Identified the +4 trident of the Desert {flame, rElec Str+2 Dex-5} (You found it on level 7 of the Dungeon)
  5396 | D:7      | Reached * piety under Okawaru
  5449 | D:7      | Noticed Duvessa
  5458 | D:7      | Noticed Dowan
  5467 | D:7      | Killed Duvessa
  5475 | D:7      | Killed Dowan
  5523 | D:7      | Noticed Joseph
  5918 | D:6      | Reached skill level 7 in Fighting
  5918 | D:6      | Reached XP level 9. HP: 53/57 MP: 11/11
  5937 | D:6      | Noticed a two-headed ogre
  6262 | D:6      | Killed a two-headed ogre
  6271 | D:6      | Reached ** piety under Okawaru
  6474 | D:6      | Starved to death

Action                   |  1- 3 |  4- 6 |  7- 9 || total
-------------------------+-------+-------+-------++-------
Melee: Flail             |   133 |   223 |    99 ||   455
       Mace              |       |       |    95 ||    95
       Trident           |       |       |   141 ||   141
  Use: Scroll            |       |     4 |     3 ||     7
  Eat: Chunk             |     1 |     5 |     7 ||    13
       Beef jerky        |       |     1 |       ||     1
       Meat ration       |       |       |     1 ||     1
       Fruit             |       |       |     1 ||     1
